 Dungeon Crawl Stone Soup version 0.19.0-16-g73b5abf (webtiles) character file.

202275 Kloppie the Bludgeoner (level 17, -11/226 HPs)
             Began as a Demonspawn Berserker on Nov 9, 2016.
             Was a High Priest of Trog.
             Mangled by a hornet (15 damage)
             ... on level 4 of the Spider Nest on Nov 10, 2016.
             The game lasted 01:27:35 (32592 turns).

Kloppie the Bludgeoner (Demonspawn Berserker)      Turns: 32592, Time: 01:27:36

Health: -11/226    AC: 26    Str: 22 (23) XL:     17   Next: 94%
Magic:  0/5        EV: 11    Int:  4 (9)  God:    Trog [*****.]
Gold:   504        SH: 17    Dex: 19      Spells: 0 memorised, 16 levels left

rFire  + . .     SeeInvis +     a - +7 demon whip (antimagic)
rCold  + + +     Gourm    +     h - +5 scale mail "Fuasafra" {SInv}
rNeg   + + .     Faith    .     O - +2 shield
rPois  +         Spirit   +     U - -2 hat of the Alchemist {rElec rPois rF+ rC+ rN+ MR+ rMut rCorr}
rElec  +         Reflect  .     K - +1 cloak of Lyserhos {Regen+}
rCorr  +         Harm     .     f - +2 pair of gloves {archery}
rMut   +                        (boots unavailable)
MR     ++++.                    R - amulet of Amorality {Gourm rN+ Slay+2}
Stlth  ..........               S - ring of protection from cold
                                i - +4 ring of protection

@: berserking, regenerating, very quick
A: horns 1, talons 3, rugged brown scales 3, cold resistance 1, powered by death
2, magic shield
a: Berserk, Trog's Hand, Brothers in Arms, Burn Spellbooks, Renounce Religion
}: 1/15 runes: decaying


You were on level 4 of the Spider Nest.
You worshipped Trog.
Trog was extremely pleased with you.
You were not hungry.

You visited 5 branches of the dungeon, and saw 31 of its levels.
You also visited: Labyrinth and Ice Cave.

You collected 3046 gold pieces.
You spent 2542 gold pieces at shops.

Inventory:

Hand Weapons
 a - a +7 antimagic demon whip (weapon)
 n - a +0 eveningstar of venom
 J - the +4 flail of Discomfort {freeze, rPois rF+ Int+3}
   (You bought it in a shop on level 9 of the Dungeon)

   It has been specially enchanted to freeze those struck by it, causing extra
   injury to most foes and up to half again as much damage against particularly
   susceptible opponents.
   It can also slow down cold-blooded creatures.
   It affects your intelligence (+3).
   It protects you from fire.
   It protects you from poison.
 N - a +3 antimagic morningstar
 P - a +6 demon whip of draining
Armour
 f - a +2 pair of gloves of archery (worn)
 h - the +5 scale mail "Fuasafra" (worn) {SInv}
   (You found it on level 4 of the Lair of Beasts)

   It lets you see invisible.
 K - the +1 cloak of Lyserhos (worn) {Regen+}
   (You found it on level 10 of the Dungeon)

   It increases your rate of regeneration.
 O - a +2 shield (worn)
 U - the -2 hat of the Alchemist (worn) {rElec rPois rF+ rC+ rN+ MR+ rMut rCorr}
   (You bought it in a shop on level 2 of the Orcish Mines)

   It protects you from fire.
   It protects you from cold.
   It insulates you from electricity.
   It protects you from poison.
   It protects you from negative energy.
   It affects your resistance to hostile enchantments.
   It protects you from acid and corrosion.
   It protects you from mutation.
Jewellery
 b - a +6 amulet of reflection
 i - a +4 ring of protection (left hand)
 q - an uncursed ring of poison resistance
 s - an uncursed ring of positive energy
 u - an uncursed ring of see invisible
 x - an uncursed ring of protection from fire
 E - a +4 ring of protection
 R - the amulet of Amorality (around neck) {Gourm rN+ Slay+2}
   (You found it on level 14 of the Dungeon)

   [amulet of the gourmand]

   It allows you to eat raw meat even when not hungry.
   It affects your accuracy and damage with ranged weapons and melee attacks
   (+2).
   It protects you from negative energy.
 S - a ring of protection from cold (right hand)
Wands
 g - a wand of digging (6/24)
 r - a wand of disintegration (10/24)
 y - a wand of hasting (6/9)
 L - a wand of enslavement (8/24)
 Y - a wand of hasting (2/9)
Scrolls
 e - 10 scrolls of enchant armour
 m - 10 scrolls of teleportation
 v - 15 scrolls of remove curse
 w - 12 scrolls of identify
 z - 2 scrolls of magic mapping
 A - 4 scrolls of fear
 D - 5 scrolls of recharging
 G - 5 scrolls of silence
 H - 4 scrolls of fog
Potions
 d - 2 potions of cure mutation
 o - 3 potions of invisibility
 p - 4 potions of flight
 B - 2 potions of agility
 C - 7 potions of curing
 I - 2 potions of might
 M - a potion of cancellation
 Q - 2 potions of haste
 W - 2 potions of resistance
Comestibles
 c - 20 bread rations
 k - 8 royal jellies
 t - 23 beef jerkies
 F - 2 slices of pizza
 T - 9 meat rations


   Skills:
 + Level 15.0 Fighting
 - Level 16.7 Maces & Flails
 + Level 14.3 Armour
 - Level 1.7 Dodging
 - Level 15.0 Shields


You had 16 spell levels left.
You didn't know any spells.

Dungeon Overview and Level Annotations

Branches:
Dungeon (15/15)            Temple (0/1) D:6            Lair (6/6) D:8
  Swamp (4/4) Lair:4       Spider (4/4) Lair:4        Slime (0/5) Lair:6
    Orc (2/2) D:12            Elf (0/3) Orc:2        Vaults (0/5) D:13
 Depths (0/5) D:15

Altars:
Kikubaaqudgha
Nemelex Xobeh
Ru
Trog
Uskayaw
Yredelemnul
Zin

Shops:
D:7 *=   D:9 (   Orc:1 =*:   Orc:2 =(*[[


Innate Abilities, Weirdness & Mutations

You have claws for feet.
You are completely covered in rugged brown scales. (AC +3, +7% HP)
You regenerate health from kills.
When hurt, damage is shared between your health and your magic reserves.
You have a pair of small horns on your head.
Your flesh is cold resistant. (rC+)


Message History

The emperor scorpion stings you!
* * * LOW HITPOINT WARNING * * *
The emperor scorpion claws you.
The emperor scorpion claws you but does no damage.
You hear an angry hiss.
You whack the emperor scorpion! Your kick misses the emperor scorpion.
You headbutt the emperor scorpion.
The emperor scorpion is heavily wounded.
The hornet stings you!
* * * LOW HITPOINT WARNING * * *
The emperor scorpion barely misses you.
You block the emperor scorpion's attack.
The emperor scorpion claws you but does no damage.
A wolf spider comes into view.
You hit the emperor scorpion.
You claw the emperor scorpion, but do no damage.
Your headbutt misses the emperor scorpion.
The emperor scorpion is heavily wounded.
The hornet stings you!
You die...

##### ### ###..^#
###≈≈#######...@.#####
#...≈≈≈#.≈.^^.ys..^≈≈###
#..≈≈≈....##.y##....≈.######
##.##≈.s.###..##≈^#...≈#≈≈≈####
#...^## #.s§#####....≈†≈≈≈..
#≈...# ##y.# #^...†##≈...
#≈..## #†'# ##.≈..≈# . #≈.≈##
#.s.##...# ###≈.≈### #≈^.##
#... ...# ##....##


You could see 2 emperor scorpions, a ghost moth (fleeing), a wolf spider and 2
hornets.

Vanquished Creatures
  Nikola (Swamp:3)
  The ghost of GordonOverkill the Shatterer, an adept OgHu of Trog (Spider:1)
  Rupert (D:13)
  3 thorn hunters
  Agnes (D:14)
  Louise (Swamp:2)
  An orc warlord (Orc:1)
  3 ghost moths
  2 emperor scorpions
  An entropy weaver (Spider:2)
  Azrael (Spider:1)
  2 spark wasps
  A minotaur (Lab)
  A fire dragon (Lair:6)
  Josephine (Lair:4)
  A ghost crab (Swamp:3)
  A catoblepas (D:13)
  20 hydras
  2 centaur warriors
  A dancing weapon (Orc:1)
  4 alligators
  A tengu warrior (D:13)
  6 death yaks
  Urug (D:13)
  4 orc high priests (Orc:2)
  The ghost of Bluestream the Cleaver, a novice HOFi of Beogh (D:6)
  The ghost of Kloppie the Fighter, a novice DsBe of Trog (D:8)
  3 unseen horrors
  A glowing orange brain (shapeshifter) (D:15)
  A wizard (D:14)
  4 shambling mangroves
  9 swamp dragons
  A lindwurm (Lair:6)
  2 hill giants
  4 orc knights
  23 orb spiders
  2 deep elf magi
  4 cyclopes
  4 orc sorcerers
  11 ugly things
  A salamander (D:15)
  26 wolf spiders
  2 manticores
  2 centaur zombies
  A moth of wrath (Spider:2)
  6 elephants (Lair:6)
  21 spiny frogs
  4 black mambas
  2 torpor snails
  2 ice statues (IceCv)
  4 gargoyles
  6 rime drakes
  2 kobold demonologists
  7 demonic crawlers
  13 komodo dragons
  The ghost of IsvaffelMax the Magician, a novice MfFE (D:4)
  22 jumping spiders
  12 polar bears
  5 trolls
  3 tyrant leeches
  18 blink frogs
  6 two-headed ogres
  4 bog bodies
  11 hippogriffs
  20 hornets
  2 raiju (Lair:6)
  21 slime creatures
  62 redbacks
  44 yaks
  A vampire (D:11)
  18 tarantellas
  3 wyverns
  6 spriggans
  3 wraiths (Lair:4)
  2 fire elementals (Spider:1)
  7 basilisks
  16 humans (D:13)
  4 hungry ghosts
  A steam dragon (Lair:6)
  5 wargs (Lair:6)
  24 vampire mosquitoes
  22 swamp worms
  16 insubstantial wisps
  A mottled dragon (Lair:6)
  2 soldier ants
  10 water moccasins
  13 hell hounds
  9 porcupines
  29 orc warriors
  17 swamp drakes
  14 black bears
  2 sky beasts
  2 phantoms
  4 eyes of draining
  5 ogres
  3 necrophages
  10 ice beasts
  3 centaurs
  19 wolves
  17 crocodiles
  A big kobold (D:12)
  20 bullfrogs
  An earth elemental (Lab)
  3 scorpions
  4 killer bees (D:12)
  8 wights
  4 electric eels
  A spriggan skeleton (Lab)
  4 howler monkeys
  9 crimson imps
  7 jellies
  A bullfrog skeleton (D:8)
  20 hounds
  34 orc wizards
  13 orc priests
  3 centaur skeletons
  6 iguanas
  11 worker ants
  Terence (D:3)
  A hound zombie (D:11)
  Robin (D:2)
  A howler monkey skeleton (D:6)
  15 adders
  11 gnolls
  4 river rats (D:5)
  2 shadow imps (D:12)
  7 oozes
  An adder zombie (D:6)
  5 worms
  5 leopard geckos
  91 orcs
  3 bats
  3 giant cockroaches
  11 hobgoblins
  9 jackals
  6 kobolds
  3 quokkas
  A ball python (D:6)
  7 frilled lizards
  13 goblins
  2 quokka zombies
  8 rats
  A fungus (Spider:1)
1113 creatures vanquished.

Vanquished Creatures (collateral kills)
  Arachne (Spider:2)
  An emperor scorpion (Spider:4)
  Nessos (D:13)
  An entropy weaver (Spider:2)
  A hydra (Swamp:2)
  3 death yaks (Lair:6)
  An orb spider (Spider:2)
  An elephant (Lair:6)
  A spiny frog (Lair:6)
  A blink frog (Lair:6)
  3 redbacks (Spider:2)
  A hell hound (Spider:1)
  An orc warrior (Orc:2)
  An orc priest (Orc:2)
18 creatures vanquished.

Vanquished Creatures (others)
  A ghost moth (Spider:4)
  A cyclops (Orc:1)
  2 demonic crawlers (Spider:4)
  A hornet (Swamp:2)
  2 redbacks
  A centaur (D:12)
  5 briar patches (Swamp:4)
  6 fungi
  23 plants
42 creatures vanquished.

Grand Total: 1173 creatures vanquished

Notes
Turn   | Place    | Note
-------+----------+-------------------------------------------
     0 | D:1      | Kloppie the Demonspawn Berserker began the quest for the Orb.
     0 | D:1      | Reached XP level 1. HP: 18/18 MP: 1/1
   193 | D:1      | Gained mutation: You have sharp toenails. [demonic ancestry]
   193 | D:1      | Reached XP level 2. HP: 22/24 MP: 2/2
   195 | D:1      | Reached skill level 3 in Maces & Flails
   771 | D:2      | Noticed a dagger
   771 | D:2      | Noticed a hand axe
   775 | D:2      | Noticed Robin
   814 | D:2      | Killed Robin
   814 | D:2      | Gained mutation: You are partially covered in rugged brown scales. (AC +1, +3% HP) [demonic ancestry]
   814 | D:2      | Reached XP level 3. HP: 19/30 MP: 3/3
   818 | D:2      | Reached ** piety under Trog
   875 | D:2      | Found a hide-covered altar of Uskayaw.
  1387 | D:2      | Reached XP level 4. HP: 36/38 MP: 4/4
  1602 | D:3      | Reached skill level 4 in Maces & Flails
  1602 | D:3      | Gained mutation: You have razor-sharp toenails. [demonic ancestry]
  1602 | D:3      | Reached XP level 5. HP: 20/44 MP: 5/5
  1936 | D:3      | Reached *** piety under Trog
  2062 | D:3      | Noticed Terence
  2067 | D:3      | Killed Terence
  2067 | D:3      | Reached skill level 5 in Fighting
  2551 | D:4      | Noticed IsvaffelMax's ghost (novice MfFE)
  2571 | D:4      | Killed IsvaffelMax's ghost
  2571 | D:4      | Reached skill level 5 in Maces & Flails
  2571 | D:4      | Reached XP level 6. HP: 53/53 MP: 6/6
  2622 | D:4      | Reached XP level 7. HP: 59/59 MP: 7/7
  3029 | D:4      | Reached skill level 6 in Maces & Flails
  3524 | D:5      | Entered Level 5 of the Dungeon
  3619 | D:5      | Found a hide-covered altar of Uskayaw.
  3626 | D:5      | Reached **** piety under Trog
  3858 | D:5      | Gained mutation: You have claws for feet. [demonic ancestry]
  3858 | D:5      | Reached XP level 8. HP: 55/69 MP: 8/8
  4479 | D:6      | Found a staircase to the Ecumenical Temple.
  4513 | D:6      | Noticed Bluestream's ghost (novice HOFi)
  4536 | D:6      | Killed Bluestream's ghost
  4536 | D:6      | Reached skill level 7 in Maces & Flails
  4582 | D:6      | Reached skill level 8 in Maces & Flails
  4582 | D:6      | Reached XP level 9. HP: 72/78 MP: 9/9
  5266 | D:6      | Gained mutation: Your flesh is cold resistant. (rC+) [potion of beneficial mutation]
  5487 | D:7      | Found Zin's Purification Station.
  5491 | D:7      | Found a glowing silver altar of Zin.
  5529 | D:7      | Found Ulow's Jewellery Emporium.
  5536 | D:7      | Bought a cursed ring of teleportation for 63 gold pieces
  5637 | D:7      | Found a sparkling altar of Nemelex Xobeh.
  5716 | D:8      | Found a staircase to the Lair.
  5721 | D:8      | Noticed Kloppie's ghost (novice DsBe)
  5750 | D:8      | Killed Kloppie's ghost
  5750 | D:8      | Reached skill level 9 in Maces & Flails
  5758 | D:8      | Reached skill level 5 in Armour
  6006 | D:8      | Reached ***** piety under Trog
  6111 | D:8      | Found an ancient bone altar of Kikubaaqudgha.
  6330 | D:8      | Gained mutation: You regenerate a little health from kills. [demonic ancestry]
  6330 | D:8      | Reached XP level 10. HP: 69/84 MP: 8/10
  6558 | D:8      | Received a gift from Trog
  6696 | D:8      | Upgraded the game from 0.19.0-11-g3fc08b3 to 0.19.0-16-g73b5abf
  6752 | D:9      | Found Kaimpyul's Antique Weapon Shop.
  6787 | D:9      | Reached skill level 10 in Maces & Flails
  7334 | D:9      | Noticed a manticore
  7345 | D:9      | Killed a manticore
  7407 | D:9      | Found a faded altar of an unknown god.
  7407 | D:9      | Found a faded altar of an unknown god.
  7412 | D:9      | Found a basalt altar of Yredelemnul.
  7415 | D:9      | Found a faded altar of an unknown god.
  7417 | D:9      | Found a faded altar of an unknown god.
  7533 | D:9      | Bought an iridescent morningstar for 270 gold pieces
  7533 | D:9      | Identified the +2 morningstar of Instant Death {venom, rElec rF+++ MR- Int-3} (You bought it in a shop on level 9 of the Dungeon)
  7747 | D:10     | Entered Level 10 of the Dungeon
  7912 | D:10     | Noticed a cyclops
  8332 | D:10     | Reached skill level 10 in Fighting
  8432 | D:10     | Reached skill level 11 in Maces & Flails
  8794 | D:10     | Killed a cyclops
  8794 | D:10     | Gained mutation: You regenerate health from kills. [demonic ancestry]
  8794 | D:10     | Reached XP level 11. HP: 93/93 MP: 7/11
  8801 | D:10     | Got a dazzling cloak
  8812 | D:10     | Identified the +1 cloak of Lyserhos {Regen+} (You found it on level 10 of the Dungeon)
  9505 | D:11     | Noticed a hill giant
  9512 | D:11     | Killed a hill giant
  9948 | D:11     | Found a sacrificial altar of Ru.
 10141 | Lair:1   | Entered Level 1 of the Lair of Beasts
 10363 | Lair:1   | Reached skill level 12 in Maces & Flails
 10599 | Lair:1   | Found a labyrinth entrance.
 10608 | Lab      | Entered a labyrinth
 10739 | Lab      | Noticed a minotaur
 10756 | Lab      | Killed a minotaur
 10756 | Lab      | Received a gift from Trog
 10814 | Lab      | Identified the Papyrus of Summoning and the Rocks
 11576 | D:9      | Bought a faintly glowing flail for 255 gold pieces
 11576 | D:9      | Identified the +4 flail of Discomfort {freeze, rPois rF+ Int+3} (You bought it in a shop on level 9 of the Dungeon)
 11671 | Lair:2   | Reached skill level 1 in Shields
 11704 | Lair:2   | Reached XP level 12. HP: 101/104 MP: 12/12
 11956 | Lair:2   | Reached skill level 13 in Maces & Flails
 12164 | Lair:2   | Noticed a four-headed hydra
 12176 | Lair:2   | Killed a four-headed hydra
 12927 | Lair:3   | Reached skill level 5 in Shields
 13582 | Lair:4   | Noticed Josephine
 13592 | Lair:4   | Killed Josephine
 13617 | Lair:4   | Reached skill level 14 in Maces & Flails
 13677 | Lair:4   | Found a staircase to the Swamp.
 13909 | Lair:4   | Gained mutation: When hurt, damage is shared between your health and your magic reserves. [demonic ancestry]
 13909 | Lair:4   | Reached XP level 13. HP: 110/110 MP: 13/13
 13941 | Lair:4   | Found a hole to the Spider Nest.
 14303 | Lair:4   | Got a bronze scale mail
 14412 | Lair:4   | Identified the +5 scale mail "Fuasafra" {SInv} (You found it on level 4 of the Lair of Beasts)
 14829 | Lair:5   | Received a gift from Trog
 15517 | D:12     | Found an ancient bone altar of Kikubaaqudgha.
 15788 | D:12     | Gained mutation: You have a pair of small horns on your head. [potion of beneficial mutation]
 15965 | D:12     | Found a staircase to the Orcish Mines.
 16374 | Orc:1    | Entered Level 1 of the Orcish Mines
 16374 | Orc:1    | Found Ipoi's Book Emporium.
 16460 | Orc:1    | Found Xieli's Assorted Antiques.
 16469 | Orc:1    | Bought a scroll of identify for 44 gold pieces
 16469 | Orc:1    | Bought a scroll of identify for 44 gold pieces
 16579 | Orc:1    | Found Waev's Jewellery Shop.
 16586 | Orc:1    | Bought a cursed -3 ring of intelligence for 30 gold pieces
 16666 | Orc:2    | Entered Level 2 of the Orcish Mines
 16722 | Orc:2    | Found a staircase to the Elven Halls.
 16895 | Orc:2    | Received a gift from Trog
 17026 | Orc:2    | Found Mamorowu's Antique Armour Boutique.
 17029 | Orc:2    | Bought a pair of glowing gloves for 325 gold pieces
 17047 | Orc:2    | Found a bloodstained altar of Trog.
 17062 | Orc:2    | Reached skill level 15 in Maces & Flails
 17118 | Orc:2    | Noticed an orc warlord
 17274 | Orc:1    | Killed an orc warlord
 17289 | Orc:2    | Paralysed by an orc sorcerer for 3 turns
 17534 | Orc:2    | Paralysed by an orc sorcerer for 7 turns
 18174 | Orc:1    | Reached XP level 14. HP: 76/118 MP: 9/14
 18243 | Orc:2    | Reached skill level 10 in Shields
 18421 | Orc:2    | Found Poheida's Antique Armour Emporium.
 18422 | Orc:2    | Found Vohuw's Antique Weapon Emporium.
 18423 | Orc:2    | Found Xeitinut's General Store.
 18423 | Orc:2    | Found Kiusem's Jewellery Shoppe.
 18428 | Orc:2    | Bought a cursed -3 ring of dexterity for 24 gold pieces
 18428 | Orc:2    | Bought a cursed amulet of inaccuracy for 24 gold pieces
 18530 | Orc:1    | Received a gift from Trog
 18848 | D:13     | Noticed Rupert
 18848 | D:13     | Found a gate to the Vaults.
 18857 | D:13     | Noticed Urug
 18862 | D:13     | Noticed Nessos
 18868 | D:13     | Killed Nessos
 18884 | D:13     | Killed Rupert
 18945 | D:13     | Killed Urug
 18961 | D:13     | Reached skill level 16 in Maces & Flails
 19673 | Lair:6   | Entered Level 6 of the Lair of Beasts
 20558 | Lair:6   | Reached ****** piety under Trog
 20654 | Lair:6   | Gained mutation: You are mostly covered in rugged brown scales. (AC +2, +5% HP) [demonic ancestry]
 20654 | Lair:6   | Reached XP level 15. HP: 117/127 MP: 5/15
 20735 | Lair:6   | Received a gift from Trog
 21046 | Lair:6   | Found a staircase to the Slime Pits.
 21442 | Swamp:1  | Entered Level 1 of the Swamp
 22615 | Swamp:2  | Received a gift from Trog
 22690 | Swamp:2  | Noticed Louise
 22745 | Swamp:2  | Killed Louise
 23289 | Swamp:3  | Noticed Nikola
 23312 | Swamp:3  | Killed Nikola
 23346 | Swamp:2  | HP: 6/127 [swamp worm (17)]
 24104 | Swamp:3  | Reached skill level 10 in Armour
 24404 | Swamp:4  | Entered Level 4 of the Swamp
 24451 | Swamp:4  | Noticed a thorn hunter
 24477 | Swamp:4  | Killed a thorn hunter
 24486 | Swamp:4  | Gained mutation: You are completely covered in rugged brown scales. (AC +3, +7% HP) [demonic ancestry]
 24486 | Swamp:4  | Reached XP level 16. HP: 17/135 MP: 0/16
 24499 | Swamp:4  | Noticed a thorn hunter
 24755 | Swamp:3  | Killed a thorn hunter
 24755 | Swamp:3  | Received a gift from Trog
 25077 | Swamp:4  | Noticed a thorn hunter
 25099 | Swamp:4  | Killed a thorn hunter
 25173 | Swamp:4  | Identified the Incunabulum of Displacement
 25363 | Swamp:4  | Got a decaying rune of Zot
 26285 | D:14     | Noticed Agnes
 26307 | D:14     | Killed Agnes
 26315 | D:14     | Received a gift from Trog
 26341 | D:14     | Found a frozen archway.
 26391 | IceCv    | Entered an ice cave
 26520 | D:14     | Identified a scroll of acquirement
 26582 | D:14     | Reached skill level 15 in Shields
 26892 | D:14     | Got a translucent ruby amulet
 26893 | D:14     | Identified the amulet of Amorality {Gourm rN+ Slay+2} (You found it on level 14 of the Dungeon)
 27227 | D:15     | Entered Level 15 of the Dungeon
 27796 | D:15     | Found a staircase to the Depths.
 28021 | Orc:2    | Bought the -2 hat of the Alchemist {rElec rPois rF+ rC+ rN+ MR+ rMut rCorr} for 1463 gold pieces
 28250 | Spider:1 | Entered Level 1 of the Spider Nest
 28296 | Spider:1 | Noticed Azrael
 28300 | Spider:1 | Noticed GordonOverkill's ghost (adept OgHu)
 28312 | Spider:1 | Killed Azrael
 28312 | Spider:1 | Received a gift from Trog
 28324 | Spider:1 | Killed GordonOverkill's ghost
 28492 | Spider:1 | Reached XP level 17. HP: 141/145 MP: 17/17
 29236 | Spider:2 | Noticed Arachne
 29298 | Spider:2 | Killed Arachne
 30651 | Spider:3 | Received a gift from Trog
 31689 | Spider:4 | Entered Level 4 of the Spider Nest
 32243 | Spider:4 | Received a gift from Trog
 32567 | Spider:4 | Reached skill level 15 in Fighting
 32591 | Spider:4 | HP: 3/226 [hornet (10)]
 32592 | Spider:4 | Mangled by a hornet

Skill      XL: |  1  2  3  4  5  6  7  8  9 10 11 12 13 14 15 16 17 |
---------------+----------------------------------------------------+-----
Maces & Flails | 3 4 5 6 8 9 11 12 14 15 16 | 16.7
Fighting       | 4 6 7 9 10 12 13 15 | 15.0
Armour         | 5 6 10 12 14 | 14.3
Shields        | 1 6 9 12 13 15 | 15.0
Dodging        | |  1.7

Action                   |  1- 3 |  4- 6 |  7- 9 | 10-12 | 13-15 | 16-18 || total
-------------------------+-------+-------+-------+-------+-------+-------++-------
Melee: Mace              |   135 |    37 |       |       |       |       ||   172
       Kick              |    26 |    43 |   150 |   405 |   817 |   618 ||  2059
       Flail             |       |   136 |   397 |  1025 |   862 |       ||  2420
       Headbutt          |       |       |       |       |   517 |   434 ||   951
       Morningstar       |       |       |       |       |  1286 |   768 ||  2054
       Eveningstar       |       |       |       |       |     5 |       ||     5
       Demon whip        |       |       |       |       |       |   759 ||   759
Invok: Berserk           |       |     3 |     6 |    13 |    13 |     8 ||    43
       Trog's Hand       |       |       |       |     1 |     9 |     7 ||    17
       Brothers in Arms  |       |       |       |       |     4 |     5 ||     9
  Use: Scroll            |       |       |    18 |    13 |    12 |    16 ||    59
       Potion            |       |       |     1 |     2 |     6 |     4 ||    13
 Stab: Sleeping          |     1 |       |       |       |       |       ||     1
       Petrified         |       |       |       |       |     6 |       ||     6
       Petrifying        |       |       |       |       |     2 |       ||     2
       Distracted        |       |       |       |       |     1 |     1 ||     2
       Confused          |       |       |       |       |     4 |       ||     4
  Eat: Chunk             |     2 |     7 |    11 |    31 |    44 |    36 ||   131
       Meat ration       |       |       |     2 |     1 |     1 |     1 ||     5
       Fruit             |       |       |     2 |       |       |       ||     2
       Pizza             |       |       |     1 |       |     1 |       ||     2
       Beef jerky        |       |       |     1 |       |       |       ||     1
       Royal jelly       |       |       |       |       |     2 |     3 ||     5
Armor: Animal skin       |    14 |       |       |       |       |       ||    14
       Ring mail         |    52 |    46 |       |       |       |       ||    98
       Chain mail        |       |    73 |   262 |     7 |       |       ||   342
       Plate armour      |       |       |       |   646 |    13 |       ||   659
       Scale mail        |       |       |       |       |   739 |   702 ||  1441
Dodge: Dodged            |    96 |    92 |   145 |   256 |   447 |   499 ||  1535
Block: Shield            |       |       |       |   189 |  1989 |  1298 ||  3476
       Reflection        |       |       |       |       |    33 |     2 ||    35
